 Dungeon Crawl Stone Soup version 0.20.1-1-g8b1a95d66d (webtiles) character file.

105 Jynx the Gusty (level 4, 0/33 HPs)
             Began as a Draconian Air Elementalist on Dec 19, 2017.
             Slain by an orc
             ... wielding a +1 falchion of distortion
              (16 damage)
             ... on level 3 of the Dungeon.
             The game lasted 00:03:46 (2423 turns).

Jynx the Gusty (Draconian Air Elementalist)         Turns: 2423, Time: 00:03:46

Health: 0/33       AC:  5    Str: 10    XL:     4   Next: 54%
Magic:  6/7        EV: 12    Int: 17    God:
Gold:   165        SH:  0    Dex: 11    Spells: 5/8 levels left

rFire    . . .     SeeInvis .   k - +3 short sword (venom)
rCold    . . .     Gourm    .   (no shield)
rNeg     . . .     Faith    .   (armour unavailable)
rPois    .         Spirit   .   (helmet restricted)
rElec    .         Reflect  .   (no cloak)
rCorr    .         Harm     .   (no gloves)
MR       .....                  (no boots)
Stlth    ++........             (no amulet)
Regen    0.2/turn               (no ring)
MPRegen  0.1/turn               (no ring)

@: no status effects
A: unfitting armour, cold-blooded, AC +5
a: no special abilities


You were on level 3 of the Dungeon.
You were very hungry.

You visited 1 branch of the dungeon, and saw 3 of its levels.

You collected 165 gold pieces.

Inventory:

Hand Weapons
 k - a +3 short sword of venom (weapon)
Jewellery
 h - a cursed amulet of inaccuracy {unknown}
 m - an uncursed amulet of the gourmand {unknown}
Wands
 l - a wand of polymorph (5/24)
Scrolls
 f - a scroll of identify {unknown}
Potions
 c - 3 potions of curing {unknown}
 d - a potion of mutation {unknown}
 e - 3 potions of magic {unknown}
 g - 2 potions of cancellation {unknown}
Books
 a - a book of Air

   Spells                             Type                      Level
   a - Shock                          Conjuration/Air              1
   b - Swiftness                      Charms/Air                   2
   c - Static Discharge               Conjuration/Air              3
   d - Airstrike                      Air                          4
   e - Lightning Bolt                 Conjuration/Air              5
Comestibles
 b - 3 bread rations
 i - 2 meat rations
 j - a royal jelly


   Skills:
 + Level 1.8 Short Blades
 - Level 1.7 Dodging
 - Level 1.7 Stealth
 + Level 2.6 Spellcasting
 + Level 1.9 Conjurations
 * Level 4.1 Air Magic


You had 5 spell levels left.
You knew the following spells:

 Your Spells              Type           Power        Failure   Level  Hunger
a - Shock                 Conj/Air       ##..         5%          1    #......
b - Swiftness             Chrm/Air       #.......     12%         2    ##.....


Dungeon Overview and Level Annotations

Branches:
Dungeon (3/15)

Altars:


Innate Abilities, Weirdness & Mutations

Your plain brown scales are hard. (AC +5)
You cannot fit into any form of body armour.
You are cold-blooded and may be slowed by cold attacks.


Message History

HP restored.
You now have 165 gold pieces (gained 13).
You open the door.
An orc comes into view.
It is wielding a falchion of distortion.
There is an open door here.
The orc hits you with a falchion of distortion.
Space bends around you.
You closely miss the orc. The orc completely misses you.
You hit the orc.
The orc is poisoned.
The orc is lightly wounded.
The orc hits you but does no damage. Space bends around you.
Casting: Shock
Confirm with . or Enter, or press ? or * to list all spells.
Aiming: Shock
Press: ? - help, Shift-Dir - straight line, f - orc
Aim: an orc, wielding a falchion of distortion and wearing a ring mail (heavily wounded, poisoned)
The zap misses the orc.
The orc hits you with a falchion of distortion.
Space warps horribly around you!
You die...

***** #>.........##.####
***>*** #.#.#.#.....#.....
*8,,,8* #.................
**,,,,,** #.#.#.#####.######
*8,,,,,8* #.#.#.# *,.# #
**,,,,,** #.#.#.# *,,#* #
*8,,,8*###'#.#.# *,,,* #
**,,,,,*#.......# *,*,** #
*8,,,,,8#..@....# *,*,,**#
**,,,,,*#...o...#****,*,,,,.
*8,,,8*#..........,*,*,,,**
***_***#..........,*,*,*,**
******#.#.#+#....,*,*,*,*
**,,,,..#.#,,.###,,,*,*,**
****####.#,,*#,**,,,,*,,*
#..,**,,,**,,***,*
**,,**,,_,,**,,,,,,


You could see an orc.

Vanquished Creatures
  Jessica (D:2)
  3 adders
  An adder skeleton (D:3)
  2 dart slugs
  4 giant cockroaches
  9 goblins
  4 hobgoblins
  3 jackals (D:2)
  3 kobolds
  A ball python (D:2)
  9 bats
  2 frilled lizards
  3 rats
45 creatures vanquished.

Notes
Turn   | Place    | Note
-------+----------+-------------------------------------------
     0 | D:1      | Jynx the Draconian Air Elementalist began the quest for the Orb.
     0 | D:1      | Reached XP level 1. HP: 14/14 MP: 3/3
   426 | D:1      | Reached XP level 2. HP: 12/20 MP: 0/5
  1076 | D:2      | Reached skill level 1 in Short Blades
  1076 | D:2      | Reached XP level 3. HP: 8/26 MP: 0/6
  1451 | D:2      | Learned a level 2 spell: Swiftness
  1730 | D:2      | Noticed Jessica
  1739 | D:2      | Killed Jessica
  1739 | D:2      | Reached skill level 4 in Air Magic
  1739 | D:2      | Reached XP level 4. HP: 33/33 MP: 7/7
  2423 | D:3      | Slain by an orc

Skill      XL: |  1  2  3 |
---------------+----------+-----
Short Blades   | 1 |  1.8
Air Magic      | 4 |  4.1
Dodging        | |  1.7
Stealth        | |  1.7
Spellcasting   | |  2.6
Conjurations   | |  1.9

Action                   |  1- 3 |  4- 6 || total
-------------------------+-------+-------++-------
Melee: Unarmed           |    18 |       ||    18
       Tailslap          |     8 |     3 ||    11
       Short sword       |    44 |    35 ||    79
       Dagger            |     5 |       ||     5
 Cast: Shock             |    31 |     1 ||    32
  Use: Scroll            |     1 |     3 ||     4
 Stab: Sleeping          |     2 |     3 ||     5
  Eat: Chunk             |     3 |     1 ||     4
Armor: Skin              |    27 |     9 ||    36
Dodge: Dodged            |    46 |    24 ||    70
